 Dungeon Crawl Stone Soup version 0.27-a0-1321-gd358eaa319 (webtiles) character file.

Game seed: 11538449030273700592

120 Ijustatesigmund the Chopper (level 5, -2/45 HPs)
             Began as a Hill Orc Fighter on June 22, 2021.
             Engulfed by a steam dragon's steam (11 damage)
             ... on level 4 of the Dungeon.
             The game lasted 00:04:03 (3198 turns).

Ijustatesigmund the Chopper (Hill Orc Fighter)      Turns: 3198, Time: 00:04:03

Health: -2/45      AC:  8    Str: 19    XL:     5   Next: 4%
Magic:  5/5        EV:  7    Int:  8    God:
Gold:   194        SH:  9    Dex: 11    Spells: 4/4 levels left

rFire    . . .     SeeInvis .   a - +0 war axe
rCold    . . .     Faith    .   c - +0 kite shield
rNeg     . . .     Spirit   .   b - +0 scale mail
rPois    .         Reflect  .   e - +2 hat
rElec    .         Harm     .   (no cloak)
rCorr    .         Rampage  .   (no gloves)
Will     +....                  (no boots)
Stlth    ..........             (no amulet)
HPRegen  0.15/turn              n - ring of willpower
MPRegen  0.09/turn              (no ring)

@: no status effects
A: no striking features
a: no special abilities


You were on level 4 of the Dungeon.
You visited 1 branch of the dungeon, and saw 4 of its levels.

You collected 194 gold pieces.

Inventory:

Hand Weapons
 a - a +0 war axe (weapon)
Armour
 b - a +0 scale mail (worn)
 c - a +0 kite shield (worn)
 e - a +2 hat (worn)
Jewellery
 n - a ring of willpower (left hand)
Scrolls
 g - a scroll of teleportation {unknown}
Potions
 d - a potion of might
 f - a potion of invisibility {unknown}
 h - 2 potions of ambrosia
 i - a potion of flight {unknown}
 j - a potion of haste {unknown}
 k - a potion of curing
 l - a potion of cancellation {unknown}
 m - a potion of berserk rage {unknown}
 o - 2 potions of mutation {unknown}


   Skills:
 + Level 3.6 Fighting
 + Level 6.4 Axes
 + Level 3.3 Armour
 - Level 0.6 Dodging
 - Level 0.2 Stealth
 + Level 3.3 Shields


You had 4 spell levels left.
You didn't know any spells.
Your spell library was empty.

Dungeon Overview and Level Annotations

Branches:
Dungeon (4/15)
 Temple: D:4-7

Altars:

Annotations:
D:3 3 runed translucent doors, murderhobo's ghost, amateur DgFi


Message History

The steam dragon bites you! The steam dragon barely misses you.
You closely miss the steam dragon.
The steam dragon is moderately wounded.
The steam dragon bites you but does no damage.
The steam dragon claws you but does no damage.
The steam dragon breathes steam at you. The ball of steam hits you.
You hear a shout!
The steam dragon bites you.
The steam dragon claws you but does no damage.
You closely miss the steam dragon.
The steam dragon is moderately wounded.
The steam dragon bites you but does no damage.
You block the steam dragon's attack.
You closely miss the steam dragon.
The steam dragon is moderately wounded.
The steam dragon bites you. The steam dragon claws you.
* * * LOW HITPOINT WARNING * * *
A hobgoblin comes into view.
You slash the steam dragon!
The steam dragon is heavily wounded.
You block the steam dragon's attack. x2; The steam dragon bites you.
* * * LOW HITPOINT WARNING * * *
The steam dragon claws you.
* * * LOW HITPOINT WARNING * * *
You hit the steam dragon but do no damage.
The steam dragon is heavily wounded.
You hit the hobgoblin. You block the hobgoblin's attack.
The steam dragon breathes steam at you. The ball of steam misses you.
The ball of steam hits the hobgoblin!!
The hobgoblin dies!
It was a potion of curing.
You feel better.
You are engulfed in a cloud of scalding steam.
* * * LOW HITPOINT WARNING * * *
You block the steam dragon's attack.
The steam dragon claws you but does no damage.
You closely miss the steam dragon.
The steam dragon is heavily wounded.
You are engulfed in a cloud of scalding steam.
You die...

#........####...
###......###....
#...............
#.............#♣
####
#..#.#......###♣
...#
#..#####....#..♣
♣..##...#
#........P
♣.D#...##...#..##.♣
♣@§.>.....##...#.#
♣§§...#...........
♣§§..###....#....#
♣#........####...#
.....#...# #..)..
...###### ##....
.... #.... #.##.
...... ......


You could see a steam dragon (catching breath).

Vanquished Creatures
  A bullfrog skeleton (D:4)
  4 gnolls
  An adder skeleton (D:4)
  2 dart slugs
  5 endoplasms
  6 giant cockroaches
  3 goblins
  5 hobgoblins
  3 jackals (D:1)
  3 bats
  2 frilled lizards (D:1)
  4 kobolds
  2 rats
41 creatures vanquished.

Vanquished Creatures (others)
  A hobgoblin (D:4)
  A fungus (D:3)
  3 plants (D:3)
5 creatures vanquished.

Grand Total: 46 creatures vanquished

Notes
Turn   | Place    | Note
-------+----------+-------------------------------------------
     0 | D:1      | Ijustatesigmund the Hill Orc Fighter began the quest for
                  | the Orb.
     0 | D:1      | Reached XP level 1. HP: 19/19 MP: 1/1
    98 | D:1      | Found a faded altar of an unknown god.
   105 | D:1      | Reached skill level 3 in Axes
   247 | D:1      | Reached XP level 2. HP: 26/26 MP: 2/2
   345 | D:1      | Reached skill level 4 in Axes
   732 | D:1      | Reached XP level 3. HP: 29/31 MP: 3/3
  2237 | D:3      | Found a runed translucent gate.
  2237 | D:3      | Found a runed translucent gate.
  2237 | D:3      | Found a runed translucent gate.
  2237 | D:3      | Noticed murderhobo's ghost (amateur DgFi)
  2238 | D:3      | Noticed a kobold brigand
  2265 | D:4      | Reached skill level 5 in Axes
  2412 | D:3      | Reached XP level 4. HP: 38/39 MP: 4/4
  2429 | D:4      | Reached skill level 6 in Axes
  3022 | D:4      | Reached XP level 5. HP: 38/45 MP: 5/5
  3184 | D:4      | Noticed a steam dragon
  3198 | D:4      | Engulfed by a steam dragon's steam

Illustrated notes

Levels and vault maps discovered:
D:1:      denvon_arrival_planthouse, layout_basic,
          shapermc_ecumenical_altar_venn, serial_curves, eino_curves_04,
          eino_curves_04
D:2:      layout_loops_ring
D:3:      layout_rooms, gammafunk_ghost_nasty_kobolds, grunt_decor_cap
D:4:      layout_cave_pools, old_standard_altar, serial_forest,
          infiniplex_forest_lined_corner, infiniplex_forest_lined_2,
          infiniplex_forest_lined_corner, infiniplex_forest_lined_3_way,
          infiniplex_forest_corner_1, infiniplex_forest_end_2,
          hangedman_decor_points

Skill      XL: |  1  2  3  4 |
---------------+-------------+-----
Axes           | 3 4 5 6 |  6.4
Fighting       | |  3.6
Armour         | |  3.3
Dodging        | |  0.6
Stealth        | |  0.2
Shields        | |  3.3

Action                   |  1- 3 |  4- 6 || total
-------------------------+-------+-------++-------
Melee: War axe           |    93 |    43 ||   136
  Use: Scroll            |     5 |       ||     5
       Potion            |       |     1 ||     1
Armor: Scale mail        |    52 |    24 ||    76
Dodge: Dodged            |    32 |    11 ||    43
Block: Kite shield       |    50 |    25 ||    75

Table legend: (Time is in decaauts)
 A = Elapsed time spent in this place.
 B = Non-inter-level travel time spent in this place.
 C = Inter-level travel time spent in this place.
 D = Time resting spent in this place.
 E = Time spent auto-exploring this place.
 F = Levels seen in this place.
 G = Mean time per level.
                   A        B        C        D        E       F      G
               +--------+--------+--------+--------+--------+-----+--------+
         Total |   3265 |   3161 |    104 |    605 |   2187 |   4 |  816.2 |
       Dungeon |   3265 |   3161 |    104 |    605 |   2187 |   4 |  816.2 |
               +--------+--------+--------+--------+--------+-----+--------+

Top non-repeatable levels by time:
     D:1: 1116 daAuts
     D:3: 835 daAuts
     D:2: 712 daAuts
     D:4: 601 daAuts
